Unix NetHack Version 5.0.0-0 post-release - last build Jun 10 2026 00:39:30 (3ee93aec679c4c4259841fe613dc97188e26a321,branch:main).

Game began 2026-06-23 04:52:28, ended 2026-06-23 05:29:09.

FalseGod, neutral female human Wizard

                                                                  -----------
                        --------------------------------  ########-.<.......|
                        |.......................%......|##########|.`.......|
                        |      -+-----------.....-----..####      -----------
                                           |.....-...|.|#
                                           |...@.|...|.|
                                           ----..|...|.|
                                              |.-----|.|
                                              |.|....|.|
                                              |%-..).|.|
                                              -.|....|.|
                                             .'G|....|.|
                                            ---------|.|
                                                     +.|
                                                     |.|
                                                     -.|
                                                      .|
                                                     ---

FalseGod the Conjurer     St:14 Dx:10 Co:11 In:18 Wi:11 Ch:11  Neutral
Dlvl:7  $:99 HP:0(39) Pw:11(39) AC:9  Xp:5 T:2119 

Latest messages:
 You miss the gnome.
 The gnome lord wields a thonged club!
 The gnome lord secures the tether on the thonged club.
 You hit the gnome.
 You hear a door open.
 You miss the gnome.
 The gnome thrusts one of his daggers.
 The gnome hits!
 You hit the gnome.
 The gnome lord throws a thonged club!
 You are hit by a thonged club!
 You kill the gnome!
 In what direction? j
 The spell hits the gnome lord!
 The rope golem hits!
 The rope golem hits again!
 The rope golem grabs you!
 In what direction? .
 You feel better.
 The gnome lord swings his thonged club.
 The gnome lord hits!
 You cannot escape from the rope golem!
 The rope golem hits!
 The rope golem hits again!
 You are being choked.
 The gnome lord swings his thonged club.
 The gnome lord hits!
 Are you sure you want to pray? [yn] (n) n
 In what direction? .
 You feel better.
 The gnome lord swings his thonged club.
 The gnome lord hits!
 What do you want to zap? [ctGHQST or ?*] ?
 In what direction? j
 The sleep ray hits the gnome lord.
 The sleep ray bounces!
 The sleep ray hits the gnome lord.
 The sleep ray hits you!
 The rope golem hits!
 The rope golem hits again!
 You are being choked.
 The rope golem hits!
 The rope golem hits again!
 You are being choked.
 You die...
 Do you want your possessions identified? [ynq] (y) y
 Do you want to see your attributes? [ynq] (y) n
 Do you want an account of creatures vanquished? [ynaq] (y) n
 Do you want to see your conduct and achievements? [ynq] (y) n
 Do you want to see the dungeon overview? [ynq] (y) n

Inventory:
 Coins    ('$')
  $ - 99 gold pieces
 Weapons  (')')
  D - 13 +0 darts
  O - a +0 elven dagger
  a - a blessed +1 quarterstaff (weapon in hands)
 Armor    ('[')
  b - an uncursed +0 cloak of magic resistance (being worn)
  N - an uncursed +0 dwarvish cloak
 Comestibles  ('%')
  n - 2 uncursed food rations
  I - an uncursed orange
  E - an uncursed tripe ration
 Scrolls  ('?')
  j - an uncursed scroll of confuse monster
  J - an uncursed scroll of create monster
  w - a cursed scroll of create monster
  F - a cursed scroll of enchant weapon
  P - an uncursed scroll of food detection
  x - a cursed scroll of genocide
  i - 3 uncursed scrolls of identify
  B - a cursed scroll of light
  y - an uncursed scroll of remove curse
 Spellbooks  ('+')
  s - an uncursed spellbook of extra healing
  k - a blessed spellbook of force bolt
  u - an uncursed spellbook of healing
  l - an uncursed spellbook of sleep
 Potions  ('!')
  q - an uncursed potion of extra healing
  h - an uncursed potion of fruit juice
  M - an uncursed potion of healing
  g - a blessed potion of levitation
  f - an uncursed potion of restore ability
 Rings    ('=')
  d - an uncursed ring of polymorph
  e - an uncursed +5 ring of protection
 Wands    ('/')
  S - a wand of create monster (0:10)
  Q - a wand of light (0:12)
  G - a wand of make invisible (0:5)
  c - a wand of probing (0:4)
  t - a wand of sleep (0:4)
  H - a wand of slow monster (0:7)
  T - a wand of speed monster (0:6)
 Tools    ('(')
  p - an uncursed leather drum
  m - a magic marker (0:20)

FalseGod the Wizard's attributes:

Background:
 You were a Conjurer, a level 5 female human Wizard.
 You were neutral, on a mission for Thoth
 who was opposed by Ptah (lawful) and Anhur (chaotic).
 You were left-handed.
 You were in the Gnomish Mines, on level 7.
 You entered the dungeon 2119 turns ago.
 It was nighttime.
 You had 263 experience points, 57 more were needed to attain level 6.

Basics:
 You had 0 out of 39 hit points.
 You had 11 out of 39 energy points (spell power).
 Your armor class was 9.
 Your wallet contained 99 zorkmids.
 Autopickup was off.

Final Characteristics:
 Your strength was 14 (limit:18/100).
 Your dexterity was 10 (limit:18).
 Your constitution was 11 (limit:18).
 Your intelligence was 18 (limit:18).
 Your wisdom was 11 (limit:18).
 Your charisma was 11 (limit:18).

Final Status:
 You were held by a rope golem (southwest).
 You weren't hungry.
 You were unencumbered.
 You were wielding a quarterstaff.
 You had basic skill with quarterstaff.

Final Attributes:
 You were fervently aligned.
 You were magic-protected.
 You were invisible.
 You were warded.
 You were unlucky.
 You are dead.

Miscellaneous:
 You didn't encounter any bones levels.
 Total elapsed playing time was 36 minutes and 40 seconds.

Major events:
 Turn
    1: FalseGod the neutral female human Wizard entered the dungeon
  944: attained the rank of Conjurer (level 3)
 1653: entered the Gnomish Mines
 2050: reached Mine Town
 2119: killed by a rope golem, while sleeping

Spells:
 Name                 Level Category     Fail Retention
 force bolt             1   attack         0%   81%-90%
 sleep                  3   enchantment    0%   81%-90%
 healing                1   healing        0%  76%-100%

Skills:
 Fighting Skills
   bare handed combat [Unskilled]
   riding             [Unskilled]
 Weapon Skills
   dagger             [Unskilled]
   knife              [Unskilled]
   axe                [Unskilled]
   short sword        [Unskilled]
   club               [Unskilled]
   mace               [Unskilled]
   quarterstaff       [Basic]
   polearms           [Unskilled]
   spear              [Unskilled]
   trident            [Unskilled]
   sling              [Unskilled]
   dart               [Unskilled]
   shuriken           [Unskilled]
 Spellcasting Skills
   attack spells      [Basic]
   healing spells     [Unskilled]
   divination spells  [Unskilled]
   enchantment spells [Basic]
   clerical spells    [Unskilled]
   escape spells      [Unskilled]
   matter spells      [Unskilled]

Voluntary challenges:
 Character rerolling was not enabled.
 You never genocided any monsters.
 You never polymorphed an object.
 You never changed form.
 You used no wishes.
Achievements:
 You attained the rank of Conjurer.
 You entered the Gnomish Mines.
 You entered Minetown.
 You entered a temple.

 The Dungeons of Doom: levels 1 to 5
    Level 1:
    Level 2: "closed shop"
       A fountain.
    Level 3: "shop + vault"
    Level 4: "vault tele"
       A fountain.
       Stairs down to The Gnomish Mines.
    Level 5:
 The Gnomish Mines: levels 5 to 7
    Level 5:
    Level 6:
    Level 7: <- You were here.
       A temple and an altar.
       Final resting place for
          you, killed by a rope golem, while sleeping.


Vanquished creatures:
  2 gnome leaders
  3 gnomish wizards
  a kitten
  a dwarf
  a monkey
 an orc zombie
 an acid blob
  3 hobbits
  a large kobold
  2 brown molds
 11 gnomes
  2 geckos
  3 foxes
  a kobold
  5 goblins
  4 lichens
  2 kobold zombies
  6 newts
50 creatures vanquished.

No species were genocided or became extinct.

Game over:
                       ----------
                      /          \
                     /    REST    \
                    /      IN      \
                   /     PEACE      \
                  /                  \
                  |     FalseGod     |
                  |      99 Au       |
                  | killed by a rope |
                  |      golem       |
                  |                  |
                  |                  |
                  |       2026       |
                 *|     *  *  *      | *
        _________)/\\_//(\/(/\)/\//\/|_)_______

Goodbye FalseGod the Wizard...

You died in The Gnomish Mines on dungeon level 7 with 1472 points,
and 99 pieces of gold, after 2119 moves.
You were level 5 with a maximum of 39 hit points when you died.

